 Dungeon Crawl Stone Soup version 0.31-a0-981-geadf994542 (webtiles) character file.

Game seed: 9410498766627428291

30 Gargoyl the Trooper (level 3, -1/24 HPs)
             Began as a Gargoyle Berserker on Nov 1, 2023.
             Was a Follower of Trog.
             Slain by a hobgoblin
             ... wielding a +0 mace
              (3 damage)
             ... on level 2 of the Dungeon.
             The game lasted 00:00:53 (928 turns).

Gargoyl the Trooper (Gargoyle Berserker)             Turns: 928, Time: 00:00:54

Health: -1/24      AC:  5    Str: 20    XL:     3   Next: 20%
Magic:  3/3        EV: 12    Int:  7    God:    Trog [*.....]
Gold:   77         SH:  0    Dex: 11    Spells: 2/2 levels left

rFire   . . .        a - +0 hand axe
rCold   . . .        (no shield)
rNeg    + . .        b - +0 animal skin
rPois   ∞            (no helmet)
rElec   +            (no cloak)
rCorr   .            (no gloves)
SInv    .            (no boots)
Will    .....        (no amulet)
Stlth   +            (no ring)
HPRegen 0.24/turn    (no ring)
MPRegen 0.08/turn

%: no passive effects
@: no status effects
A: sickness immunity, AC +3, negative energy resistance 1, electricity
resistance, torment resistance 1, petrification resistance
a: Renounce Religion, Berserk


You were on level 2 of the Dungeon.
You worshipped Trog.
Trog was aware of your devotion.
You visited 1 branch of the dungeon, and saw 2 of its levels.

You collected 77 gold pieces.

Inventory:

Hand Weapons
 a - a +0 hand axe (weapon)
Armour
 b - a +0 animal skin (worn)
Scrolls
 j - a scroll of teleportation
Potions
 d - a potion of curing {unknown}
 e - a potion of might {unknown}
 f - a potion of cancellation {unknown}
 g - 2 potions of attraction {unknown}
 h - a potion of mutation {unknown}


   Skills:
 + Level 3.8 Fighting
 + Level 3.1 Axes
 + Level 2.3 Armour
 + Level 2.0 Dodging


You had 2 spell levels left.
You didn't know any spells.
Your spell library was empty.

Dungeon Overview and Level Annotations

Branches:
Dungeon (2/15)

Altars:


Innate Abilities, Weirdness & Mutations

You are immune to sickness and miasma.
Your stone body is resilient. (AC +3)
You are immune to poison.
You resist negative energy. (rN+)
You are resistant to electric shocks. (rElec)
You are resistant to unholy torment.
You are immune to petrification.


Message History

Found a scroll labelled REROWE HITOTAA.
The endoplasm barely misses you.
You hit the endoplasm.
The endoplasm is severely wounded.
The endoplasm freezes you.
You are frozen.
You hit the endoplasm.
You kill the endoplasm!
Trog accepts your kill.
Found 7 stones.
Found a scroll of teleportation.
You see here a book of Necromancy.
i - a scroll labelled REROWE HITOTAA
j - a scroll of teleportation
As you read the scroll labelled REROWE HITOTAA, it crumbles to dust.
It is a scroll of identify.
c - a potion of brilliance A hobgoblin comes into view.
It is wielding a +0 mace.
A hobgoblin is nearby!
A hobgoblin is nearby!
You drop a potion of brilliance.
The hobgoblin shouts!
Found a viscous clear potion.
The hobgoblin hits you with a +0 mace! The hobgoblin barely misses you.
You barely miss the hobgoblin.
The hobgoblin hits you but does no damage.
The hobgoblin closely misses you.
You closely miss the hobgoblin. The hobgoblin misses you.
You barely miss the hobgoblin. The hobgoblin hits you with a +0 mace.
You barely miss the hobgoblin. The hobgoblin hits you with a +0 mace.
You barely miss the hobgoblin. The hobgoblin misses you.
You hit the hobgoblin.
The hobgoblin is heavily wounded.
The hobgoblin hits you with a +0 mace!
* * * LOW HITPOINT WARNING * * *
The hobgoblin completely misses you.
You closely miss the hobgoblin.
The hobgoblin is heavily wounded.
The hobgoblin hits you with a +0 mace.
You die...

...####
.......#####
......!....####
..............
#..........#
#..........#
#......g...#
#####.@...#
#..!......#
#.#########
#.......#
#######.###
#...# ###.#
########.###
#.(........#


You could see a hobgoblin.

Vanquished Creatures
  An adder (D:2)
  2 ball pythons (D:1)
  2 endoplasms
  3 giant cockroaches (D:1)
  2 goblins
  4 hobgoblins (D:1)
  A quokka (D:1)
  2 bats (D:1)
  A kobold (D:1)
18 creatures vanquished.

Notes
Turn   | Place    | Note
-------+----------+-------------------------------------------
     0 | D:1      | Gargoyl the Gargoyle Berserker began the quest for the Orb.
     0 | D:1      | Reached XP level 1. HP: 14/14 MP: 1/1
   155 | D:1      | Reached XP level 2. HP: 16/19 MP: 2/2
   806 | D:2      | Reached XP level 3. HP: 15/24 MP: 3/3
   928 | D:2      | Slain by a hobgoblin

Illustrated notes

Levels and vault maps discovered:
D:1:      dpeg_arrival_houses_and_road, layout_loops_ring
D:2:      layout_basic, hellmonk_ecumenical_altar_defaced_shrine,
          minmay_split_cup_large

Skill      XL: |  1  2 |
---------------+-------+-----
Axes           | 3 |  3.1
Dodging        | 2 |  2.0
Fighting       | |  3.8
Armour         | |  2.3

Action                     || total
---------------------------++-------
  Melee: Hand axe          ||    78
    Use: Scroll            ||     3
 Armour: Animal skin       ||    57
  Dodge: Dodged            ||    84

Table legend: (Time is in decaauts)
 A = Elapsed time spent in this place.
 B = Non-inter-level travel time spent in this place.
 C = Inter-level travel time spent in this place.
 D = Time resting spent in this place.
 E = Time spent auto-exploring this place.
 F = Levels seen in this place.
 G = Mean time per level.
                   A        B        C        D        E       F      G
               +--------+--------+--------+--------+--------+-----+--------+
         Total |    940 |    929 |     11 |      0 |    704 |   2 |  470.0 |
       Dungeon |    940 |    929 |     11 |      0 |    704 |   2 |  470.0 |
               +--------+--------+--------+--------+--------+-----+--------+

Top non-repeatable levels by time:
     D:1: 794 daAuts
     D:2: 145 daAuts
